Map: Dreamcatcher LE

Players

LiquidMaNa (MaNa)

  • Race: Protoss Protoss
  • League: Master
  • Spawn Location: 11:00

Zest - Winner!

  • Race: Protoss Protoss
  • League: Master
  • Spawn Location: 5:00

Event: HomeStory Cup XVIII

VOD

Have the link to the VOD?

Description

Time

  • Played on: Nov. 23, 2018, 11:11 a.m.
  • Length: 4:39

All games in this series

Show
View Real Time Build Order
Export as new Build Order

LiquidMaNa Protoss 

Build Orders:  

Get SALT Encoding   

  12  0:00  Probe  
  13  0:12  Probe  
  14  0:17  Pylon  
  14  0:24  Probe  
  15  0:32  Probe  
  15  0:36  Gateway  
  15  0:40  Probe  
  16  0:45  Assimilator  
  17  0:50  Probe  
  17  0:54  Assimilator  
  18  0:58  Probe  
  19  1:06  Gateway, Probe  
  20  1:17  Probe  
  20  1:25  Cybernetics Core  
  21  1:29  Probe  
  22  1:35  Pylon  
  22  1:41  Probe  
  23  1:53  Probe  
  24  1:54  Sentry  
  24  2:01  Stalker, Warp Gate  
  28  2:05  Probe  
  28  2:08  Pylon  
  29  2:19  Stalker  
  33  2:50  Nexus  
  30  3:01  Probe  
  26  3:13  Probe  
  26  3:17  Stalker x2  
  31  3:26  Shield Battery  
  31  3:28  Probe  
  32  3:40  Probe  
  25  4:03  Stalker  
  25  4:04  Stalker  
  25  4:08  Probe  
  30  4:10  Probe  
  31  4:23  Stalker  
Show
View Real Time Build Order
Export as new Build Order

Zest Protoss - Winner!

Build Orders: Oracle Opening 

Get SALT Encoding   

  12  0:00  Probe  
  13  0:12  Probe  
  14  0:17  Pylon  
  14  0:24  Probe  
  15  0:32  Probe  
  15  0:36  Gateway  
  15  0:40  Probe  
  16  0:46  Assimilator  
  17  0:50  Probe  
  18  0:58  Probe  
  18  1:03  Assimilator  
  19  1:06  Probe  
  20  1:11  Gateway  
  20  1:17  Probe  
  20  1:24  Cybernetics Core  
  21  1:29  Probe  
  22  1:36  Pylon  
  22  1:41  Probe  
  23  1:54  Probe  
  23  2:00  Adept x2, Warp Gate  
  28  2:05  Pylon  
  28  2:10  Pylon  
  28  2:24  Stargate  
  27  2:35  Adept x2  
  31  2:43  Probe  
  32  2:58  Oracle  
  33  3:15  Nexus  
  33  3:26  Oracle  
  33  3:37  Probe  
  35  3:57  Probe  
  35  4:00  Robotics Facility  
  34  4:09  Probe  
  35  4:10  Stalker x2  
  35  4:13  Shield Battery  
  39  4:28  Stalker  
  40  4:34  Stalker  
Tags
 
Add a new tag
Caveats
  • Supply blocks, unpowered buildings, or Contaminate may cause inaccurate times.
  • Supply counts are checked every 10 seconds.